 Dungeon Crawl Stone Soup version 0.21-a0-517-gd76cfe0 (webtiles) character file.

180 slep the Chopper (level 5, -1/42 HPs)
             Began as a Demonspawn Monk on Dec 4, 2017.
             Slain by a gnoll
             ... wielding a +0 spear
              (3 damage)
             ... on level 3 of the Dungeon.
             The game lasted 00:05:58 (1793 turns).

slep the Chopper (Demonspawn Monk)                  Turns: 1793, Time: 00:06:00

Health: -1/42      AC:  6    Str: 14    XL:     5   Next: 33%
Magic:  5/5        EV: 12    Int: 12    God:
Gold:   106        SH:  0    Dex: 16    Spells: 4/4 levels left

rFire    . . .     SeeInvis .   a - +0 hand axe
rCold    + . .     Gourm    .   (no shield)
rNeg     . . .     Faith    .   n - +0 ring mail
rPois    .         Spirit   .   (no helmet)
rElec    .         Reflect  .   (no cloak)
rCorr    .         Harm     .   (no gloves)
MR       .....                  m - +0 pair of boots
Stlth    ++........             (no amulet)
HPRegen  0.14/turn              j - +6 ring of strength
MPRegen  0.09/turn              q - -3 ring of strength (curse)

@: no status effects
A: hooves 1, cold resistance 1, powered by pain 1, freezing cloud immunity
a: no special abilities


You were on level 3 of the Dungeon.
You were not hungry.

You visited 1 branch of the dungeon, and saw 3 of its levels.

You collected 106 gold pieces.

Inventory:

Hand Weapons
 a - a +0 hand axe (weapon)
Missiles
 y - 6 tomahawks (quivered)
Armour
 b - a +0 robe
 m - a +0 pair of boots (worn)
 n - a +0 ring mail (worn)
Jewellery
 j - a +6 ring of strength (left hand)
 q - a cursed -3 ring of strength (right hand)
Scrolls
 d - a scroll of random uselessness {unknown}
 f - a scroll of enchant weapon {unknown}
 h - 5 scrolls of identify {unknown}
 l - a scroll of enchant armour {unknown}
 o - a scroll of fear {unknown}
 t - a scroll of amnesia {unknown}
 x - a scroll of remove curse {unknown}
Potions
 e - a potion of might {unknown}
 g - a potion of curing {unknown}
 i - a potion of mutation {unknown}
 p - a potion of brilliance {unknown}
 r - a potion of heal wounds {unknown}
Books
 w - a book of Necromancy

   Spells                             Type                      Level
   a - Pain                           Necromancy                   1
   b - Animate Skeleton               Necromancy                   1
   c - Vampiric Draining              Necromancy                   3
   d - Regeneration                   Charms/Necromancy            3
   e - Animate Dead                   Necromancy                   4
   f - Control Undead                 Necromancy                   4
 z - a book of Cantrips

   Spells                             Type                      Level
   a - Confusing Touch                Hexes                        1
   b - Animate Skeleton               Necromancy                   1
   c - Summon Small Mammal            Summoning                    1
   d - Apportation                    Translocation                1
Comestibles
 c - a bread ration
 k - 3 royal jellies
 s - a meat ration
 u - 3 fruits
 v - 3 chunks of flesh


   Skills:
 + Level 3.7 Fighting
 + Level 4.1 Axes
 + Level 0.1 Throwing
 + Level 1.4 Armour
 + Level 3.1 Dodging
 + Level 2.5 Stealth


You had 4 spell levels left.
You didn't know any spells.

Dungeon Overview and Level Annotations

Branches:
Dungeon (3/15)

Altars:


Innate Abilities, Weirdness & Mutations

You have large cloven feet.
Your flesh is cold resistant. (rC+)
You sometimes gain a little power by taking damage.
You are immune to freezing clouds.


Message History

You become entangled in the net!
The gnoll hits you from afar with a spear.
You struggle against the net.
The gnoll closely misses you.
You tear a large gash into the net.
The gnoll hits you with a flail.
The gnoll hits you from afar with a spear.
* * * LOW HITPOINT WARNING * * *
You rip the net and break free!
The gnoll barely misses you. The gnoll hits you with a flail.
* * * LOW HITPOINT WARNING * * *
You hit the gnoll.
The gnoll is moderately wounded.
The gnoll hits you but does no damage. The gnoll closely misses you.
You slash the gnoll!
The gnoll is almost dead.
The gnoll hits you from afar with a spear.
* * * LOW HITPOINT WARNING * * *
The gnoll hits you with a flail.
* * * LOW HITPOINT WARNING * * *
The gnoll hits you from afar with a spear.
You die...

###....g.#..#
#...###
...........###
#...#
............#
#...#
.......#...###.[.#
....( #......)..#
..(####..###..##
#.g.....<..#..#
#g## ##.......#
#@.###....#...#
##...#.#.#...#.#
#........#..##.#
#....#.###..##..
#.#.###..(#.#####
#.#.# #####.#
#.#.# #.# #.#.#
#.# #.#.#######.#


You could see 2 gnolls.

Vanquished Creatures
  A scorpion (D:3)
  2 orc priests (D:3)
  2 adders (D:2)
  A worm (D:2)
  A leopard gecko (D:2)
  An orc (D:3)
  2 giant cockroaches
  6 hobgoblins
  10 kobolds
  A quokka (D:2)
  A ball python (D:1)
  4 bats (D:1)
  5 frilled lizards
  8 goblins
  2 rats (D:1)
47 creatures vanquished.

Notes
Turn   | Place    | Note
-------+----------+-------------------------------------------
     0 | D:1      | slep the Demonspawn Monk began the quest for the Orb.
     0 | D:1      | Reached XP level 1. HP: 18/18 MP: 1/1
   125 | D:1      | Reached skill level 3 in Axes
   125 | D:1      | Gained mutation: Your flesh is cold resistant. (rC+) [demonic ancestry]
   125 | D:1      | Reached XP level 2. HP: 14/24 MP: 2/2
   733 | D:2      | Gained mutation: You are immune to freezing clouds. [demonic ancestry]
   733 | D:2      | Reached XP level 3. HP: 20/29 MP: 3/3
  1558 | D:3      | Gained mutation: You sometimes gain a little power by taking damage. [demonic ancestry]
  1558 | D:3      | Reached XP level 4. HP: 20/35 MP: 4/4
  1562 | D:3      | Reached skill level 1 in Armour
  1729 | D:3      | Reached skill level 4 in Axes
  1729 | D:3      | Gained mutation: You have large cloven feet. [demonic ancestry]
  1729 | D:3      | Reached XP level 5. HP: 21/42 MP: 5/5
  1793 | D:3      | HP: 2/42 [gnoll/flail (3)]
  1793 | D:3      | Slain by a gnoll

Vault maps used:
D:1:      dpeg_arrival_rhombus

Skill      XL: |  1  2  3  4 |
---------------+-------------+-----
Stealth        | 2 |  2.5
Axes           | 3 4 |  4.1
Dodging        | 3 |  3.1
Armour         | 1 |  1.4
Fighting       | |  3.7
Throwing       | |  0.1

Action                   |  1- 3 |  4- 6 || total
-------------------------+-------+-------++-------
Melee: Hand axe          |   144 |    30 ||   174
Throw: Tomahawk          |       |     9 ||     9
 Stab: Sleeping          |     5 |       ||     5
  Eat: Chunk             |     2 |     1 ||     3
Armor: Robe              |    17 |       ||    17
       Ring mail         |    16 |     8 ||    24
Dodge: Dodged            |    98 |    19 ||   117

Table legend:
 A = Spawn XP
 B = Non-spawn XP
 C = Spawn XP percentage of total XP
 D = Spawn monster count
 E = Non-spawn monster count
 F = Spawn count percentage of total count
 G = Total turns spent on level
                    A         B        C        D         E        F      G
               +---------+---------+-------+---------+---------+-------+---------
         Total |       0 |     258 |   0.0 |       0 |      47 |   0.0 |  1793
               +---------+---------+-------+---------+---------+-------+---------
           D:1 |       0 |      33 |   0.0 |       0 |      21 |   0.0 |   657
           D:2 |       0 |      55 |   0.0 |       0 |      17 |   0.0 |   886
           D:3 |       0 |     170 |   0.0 |       0 |       9 |   0.0 |   250
               +---------+---------+-------+---------+---------+-------+---------
